 Dungeon Crawl Stone Soup version 0.28.0-47-ge53b351184 (webtiles) character file.

Game seed: 7563602665664027254

234 firemarshallily the Caller (level 6, 0/41 HPs)
             Began as a Merfolk Summoner on May 7, 2022.
             Succumbed to an orc wizard's poison
             ... on level 3 of the Dungeon.
             The game lasted 00:14:18 (3903 turns).

firemarshallily the Caller (Merfolk Summoner)       Turns: 3903, Time: 00:14:19

Health: 0/41       AC:  3    Str:  8    XL:     6   Next: 5%
Magic:  3/20       EV: 13    Int: 16    God:
Gold:   271        SH:  0    Dex: 21    Spells: 6/12 levels left

rFire   . . .      SeeInvis .   j - +0 spear
rCold   . . .      Faith    .   (no shield)
rNeg    . . .      Spirit   .   a - +0 robe
rPois   .          Reflect  .   k - +0 helmet
rElec   .          Harm     .   (no cloak)
rCorr   .          Rampage  .   (no gloves)
Will    .....                   (no boots)
Stlth   ++........              (no amulet)
HPRegen 0.13/turn               n - ring of magical power
MPRegen 0.17/turn               m - +6 ring of dexterity

@: lethally poisoned (0 -> -9), invisible
A: (nimble swimmer 2), mertail
a: no special abilities


You were on level 3 of the Dungeon.
You visited 1 branch of the dungeon, and saw 3 of its levels.

You collected 271 gold pieces.

Inventory:

Hand Weapons
 j - a +0 spear (weapon)
Missiles
 b - 2 poisoned darts
 d - 58 stones
 g - 3 curare-tipped darts
Armour
 a - a +0 robe (worn)
 k - a +0 helmet (worn)
Magical Staves
 i - a staff of earth
Jewellery
 m - a +6 ring of dexterity (right hand)
 n - a ring of magical power (left hand)
Scrolls
 e - a scroll of identify
Potions
 f - 2 potions of cancellation


   Skills:
 + Level 3.0 Polearms
 - Level 3.0 Dodging
 - Level 2.4 Stealth
 * Level 3.7 Spellcasting
 * Level 5.4 Summonings


You had 6 spell levels left.
You knew the following spells:

 Your Spells              Type           Power      Damage    Failure   Level
a - Summon Small Mammal   Summ           80%        N/A       1%          1
b - Call Imp              Summ           20%        N/A       2%          2
c - Call Canine Familiar  Summ           20%        N/A       5%          3

Your spell library contained the following spells:

 Spells                   Type           Power      Damage    Failure   Level
 Pain                     Necr           8%         1d4       17%         1
 Summon Guardian Golem    Hex/Summ       11%        N/A       17%         3
 Tukima's Dance           Hex            2%         N/A       45%         3
 Summon Lightning Spire   Summ/Air       11%        N/A       50%         4
 Passage of Golubria      Tloc           2%         N/A       86%         4
 Agony                    Necr           2%         N/A       99%         5
 Excruciating Wounds      Necr           1%         N/A       99%         5
 Yara's Violent Unravell  Hex/Tmut       1%         3d3       99%         5


Dungeon Overview and Level Annotations

Branches:
Dungeon (3/15)

Altars:

Shops:
D:2 =


Innate Abilities, Weirdness & Mutations

((You are very nimble when in or above water. (Stealth+, EV+, Speed+++)))
Your lower body shifts to a powerful aquatic tail in water.


Message History

Your hound barely misses something.
Something barely misses you.
You miss something.
You feel sick.
Your hound closely misses something.
Something hits you.
You are lethally poisoned!
You hit something.
* * * LOW HITPOINT WARNING * * *
You feel very sick. Something hits you.
* * * LOW HITPOINT WARNING * * *
You are more poisoned.
You feel better.
Your hound bites something. x2; Something hits your hound.
Your hound looks even sicker.
You miss something. Something hits you but does no damage.
You are poisoned.
You closely miss something.
You feel sick.
You hit something but do no damage.
You feel sick. Something hits you.
* * * LOW HITPOINT WARNING * * *
You are lethally poisoned!
Drinking this now will have no effect.
It was a potion of invisibility.
You fade into invisibility!
* * * LOW HITPOINT WARNING * * *
You feel very sick.
Your white imp disappears in a puff of smoke!
Your hound seems less confused.
You hear some strange, mumbled words.
A puff of flame appears from out of thin air!
The puff of flame misses you.
Okay, then.
As you read the scroll labelled BUTHUI WOMA, it crumbles to dust.
The scroll dissolves into smoke.
It was a scroll of fog.
* * * LOW HITPOINT WARNING * * *
You feel very sick.
Your hound dies!
Your hound's corpse disappears in a puff of smoke!
Something hits you but does no damage.
You swap places.
* * * LOW HITPOINT WARNING * * *
You feel very sick.
You die...

#.# #.# #.#
#.# #§#
#####§#
##..{§r###
#....§§§§§§#
#.##.####@##
# #§# #§#
#.# #.# #.#
...


You could see a friendly rat (summoned).

Vanquished Creatures
  Natasha (D:2)
  A white imp (D:3)
  2 dart slugs
  An orc (D:3)
  A ball python (D:2)
  2 endoplasms
  4 hobgoblins
  A quokka (D:1)
  A goblin (D:2)
  3 kobolds
  2 rats
19 creatures vanquished.

Vanquished Creatures (collateral kills)
  A hound (D:3)
  An orc priest (D:3)
  Natasha (twice) (D:2)
  3 adders (D:2)
  2 worms (D:3)
  3 orcs (D:3)
  A ball python (D:3)
  4 endoplasms
  3 giant cockroaches
  5 hobgoblins
  2 kobolds
  3 quokkas
  3 bats
  2 frilled lizards
  2 rats (D:3)
37 creatures vanquished.

Vanquished Creatures (others)
  12 fungi (D:1)
  4 toadstools (D:1)
16 creatures vanquished.

Grand Total: 72 creatures vanquished

Notes
Turn   | Place    | Note
-------+----------+-------------------------------------------
     0 | D:1      | firemarshallily the Merfolk Summoner began the quest for
                  | the Orb.
     0 | D:1      | Reached XP level 1. HP: 13/13 MP: 3/3
   336 | D:1      | Reached XP level 2. HP: 14/19 MP: 0/5
   530 | D:1      | Learned a level 2 spell: Call Imp
  1321 | D:2      | Reached skill level 1 in Polearms
  1321 | D:2      | Reached XP level 3. HP: 24/24 MP: 2/6
  1490 | D:2      | Noticed Natasha
  1496 | D:2      | Learned a level 3 spell: Call Canine Familiar
  1673 | D:2      | Killed Natasha
  1674 | D:2      | Reached XP level 4. HP: 3/30 MP: 3/8
  2259 | D:2      | Noticed Natasha
  2292 | D:2      | Killed Natasha
  2396 | D:2      | Noticed Natasha
  2414 | D:2      | Killed Natasha
  2415 | D:2      | Reached skill level 5 in Summonings
  2415 | D:2      | Reached XP level 5. HP: 28/35 MP: 7/9
  2730 | D:2      | Found Kuetsinio's Jewellery Boutique.
  3881 | D:3      | Reached XP level 6. HP: 26/41 MP: 3/11
  3902 | D:3      | HP: 2/41 [poisoned by an orc wizard]
  3903 | D:3      | Succumbed to an orc wizard's poison

Illustrated notes

Levels and vault maps discovered:
D:1:      kennysheep_arrival_seaside, layout_rooms, dk_noncrumbling_3,
          minmay_gold_behind_fungi
D:2:      layout_loops_ring, serial_shops, shop, uniq_natasha
D:3:      layout_basic, minmay_quadrilaterals

Skill      XL: |  1  2  3  4  5  6 |
---------------+-------------------+-----
Dodging        | 3 |  3.0
Polearms       | 1 2 3 |  3.0
Spellcasting   | 3 |  3.7
Summonings     | 5 |  5.4
Stealth        | |  2.4

Action                   |  1- 3 |  4- 6 || total
-------------------------+-------+-------++-------
Melee: Short sword       |     6 |       ||     6
       Unarmed           |     3 |       ||     3
       Spear             |    45 |    96 ||   141
       Dagger            |    11 |       ||    11
       Punch             |     1 |       ||     1
Throw: Dart              |     3 |       ||     3
 Cast: Summon Small Mamm |    39 |    40 ||    79
       Call Imp          |    12 |    13 ||    25
       Call Canine Famil |     1 |     2 ||     3
  Use: Scroll            |       |     8 ||     8
       Potion            |       |     2 ||     2
 Stab: Sleeping          |     1 |     1 ||     2
Armor: Robe              |    12 |    18 ||    30
Dodge: Dodged            |    37 |    37 ||    74
